 Dungeon Crawl Stone Soup version 0.22-a0-785-g6253c82ace (webtiles) character file.

181606 Htamos the Warrior (level 18, -11/237 HPs)
             Began as a Human Monk on July 20, 2018.
             Was the Champion of Ashenzari.
             Killed from afar by a thorn hunter (32 damage)
             ... with a volley of thorns
             ... on level 1 of the Swamp.
             The game lasted 01:30:30 (46748 turns).

Htamos the Warrior (Human Monk)                    Turns: 46748, Time: 01:30:30

Health: -11/237    AC: 29    Str: 21    XL:     18   Next: 58%
Magic:  26/26      EV:  2    Int: 10    God:    Ashenzari [******]
Gold:   1998       SH:  0    Dex: 21    Spells: 24/28 levels left

rFire    . . .     SeeInvis +   D - +8 great mace (flame) (curse)
rCold    + . .     Gourm    .   (shield currently unavailable)
rNeg     + + +     Faith    .   (armour currently unavailable)
rPois    +         Spirit   .   (helmet currently unavailable)
rElec    .         Reflect  .   (cloak currently unavailable)
rCorr    .         Harm     .   (gloves currently unavailable)
MR       +....     Clarity  +   (boots currently unavailable) Stlth +.........NoTele +
                                L - amulet of rage (curse)
HPRegen  0.49/turn              q - +6 ring of strength (curse)
MPRegen  0.20/turn              y - ring of protection from cold (curse)

@: confused, tree-form
A: no striking features
}: 1/15 runes: serpentine
a: Curse Item, Scrying, Transfer Knowledge, Renounce Religion, Evoke Berserk
Rage


You were on level 1 of the Swamp.
You worshipped Ashenzari.
Ashenzari was exalted by your worship.
You were hungry.
You were a tree.
You visited 6 branches of the dungeon, and saw 29 of its levels.

You collected 2987 gold pieces.
You spent 989 gold pieces at shops.

Inventory:

Hand Weapons
 g - a +9 whip of electrocution
 D - a cursed +8 great mace of flaming (weapon)
 Q - a +2 whip of holy wrath
Missiles
 j - 6 needles of confusion
 m - 13 poisoned needles
 n - 4 needles of sleeping
Armour
 p - a +2 robe of fire resistance
 u - a cursed +2 cloak of poison resistance (melded)
 z - the +0 hat of Slovenliness {rPois rF+ MR++ Slay-3}
   (You bought it in a shop on level 2 of the Orcish Mines)

   It affects your accuracy and damage with ranged weapons and melee attacks
   (-3).
   It protects you from fire.
   It protects you from poison.
   It affects your resistance to hostile enchantments.
 I - a cursed +3 plate armour (melded)
 K - a cursed +0 helmet (melded)
 R - a cursed +0 pair of boots (melded)
Jewellery
 b - an uncursed amulet of guardian spirit
 d - a cursed amulet of guardian spirit
 q - a cursed +6 ring of strength (left branch)
 y - a cursed ring of protection from cold (right branch)
 A - a +5 ring of protection
 E - an uncursed ring of fire
 L - a cursed amulet of rage (around neck)
 O - an uncursed ring of ice
 X - the ring "Jufoagid" {*Tele rF++ Str-3 Int+3}
   (You found it on level 1 of the Snake Pit)

   [ring of teleportation]

   It may teleport you next to monsters.
   It affects your strength (-3).
   It affects your intelligence (+3).
   It greatly protects you from fire.
Wands
 f - a wand of digging (8)
 s - a wand of acid (6)
 x - a wand of polymorph (64)
 F - a wand of iceblast (8)
 G - a wand of paralysis (15)
 N - a wand of flame (55)
 S - a wand of random effects (31)
 V - a wand of disintegration (6)
Scrolls
 i - 10 scrolls of remove curse
 t - 3 scrolls of magic mapping
 w - 6 scrolls of teleportation
 H - 10 scrolls of amnesia
 J - 16 scrolls of identify
 T - a scroll of fear
Potions
 a - a potion of agility
 e - 6 potions of lignification
 h - 5 potions of haste
 l - 2 potions of mutation
 o - 4 potions of flight
 r - 3 potions of cancellation
 v - a potion of brilliance
 B - a potion of heal wounds
 C - 3 potions of ambrosia
 M - 3 potions of degeneration
 P - a potion of might
 U - 2 potions of resistance
 Y - 7 potions of curing
Miscellaneous
 k - a box of beasts
 W - a phial of floods
Comestibles
 c - 26 rations


   Skills:
 + Level 18.6 Fighting
 * Level 15.5(20.7) Maces & Flails
 + Level 14.1(18.2) Armour
 - Level 3.0 Dodging
 - Level 2.0 Stealth
   Level 4.0 Shields
 + Level 5.6 Spellcasting
 + Level 11.6(15.8) Summonings


You had 24 spell levels left.
You knew the following spells:

 Your Spells              Type           Power        Failure   Level  Hunger
a - Summon Ice Beast      Ice/Summ       ###.....     8%          4    ####...

Your spell library contained the following spells:

 Spells                   Type           Power        Failure   Level  Hunger
 Magic Dart               Conj           #...         16%         1    None
 Conjure Flame            Conj/Fire      #.......     43%         3    ###....
 Slow                     Hex            #.......     24%         2    ##.....
 Mephitic Cloud           Conj/Pois/Air  #.......     43%         3    ###....
 Blink                    Tloc           N/A          24%         2    ##.....
 Iskenderun's Mystic Bla  Conj           #.......     85%         4    ####...
 Animate Dead             Necr           N/A          85%         4    ####...
 Call Imp                 Summ           ####....     1%          2    ##.....
 Shock                    Conj/Air       #...         16%         1    None
 Swiftness                Chrm/Air       #.......     24%         2    ##.....
 Recall                   Summ/Tloc      N/A          2%          3    ###....
 Death Channel            Necr           #.........   100%        6    #######
 Airstrike                Air            #.........   85%         4    ####...
 Call Canine Familiar     Summ           ####....     1%          3    ###....
 Summon Butterflies       Summ           ####....     1%          1    None
 Simulacrum               Ice/Necr       #.........   100%        6    #######
 Summon Hydra             Summ           ####......   28%         7    #######
 Fulminant Prism          Conj/Hex       #.........   85%         4    ####...
 Dazzling Spray           Conj/Hex       #.....       43%         3    ###....
 Force Lance              Conj/Tloc      #.......     85%         4    ####...
 Searing Ray              Conj           #.....       24%         2    ##.....
 Summon Mana Viper        Hex/Summ       ###.....     21%         5    ######.
 Borgnjor's Vile Clutch   Necr/Erth      #.........   99%         5    ######.


Dungeon Overview and Level Annotations

Branches:
Dungeon (15/15)            Temple (0/1) D:5            Lair (6/6) D:9
  Swamp (1/4) Lair:3        Snake (4/4) Lair:4        Slime (0/5) Lair:6
    Orc (2/2) D:10            Elf (0/3) Orc:2        Vaults (0/5) D:13
 Depths (1/5) D:15

Altars:
Ashenzari
Cheibriados
Elyvilon
Fedhas
Makhleb
Nemelex Xobeh
Ru
Sif Muna
Trog
Xom
Yredelemnul
Jiyva

Shops:
D:13 [   Orc:2 [:%!

Portals:
Trove: D:13 (give 17 potions of curing)

Annotations:
D:15 2 transporters, Goff's ghost, journeyman GrEE


Message History

Thorny briars emerge from the ground!
As you read the scroll of fear, it crumbles to dust.
You assume a fearsome visage.
The thorn hunter is unaffected.
The briar patch crumbles away.
The thorn hunter fires a volley of thorns at you.
The volley of thorns hits you!
The thorn hunter fires a volley of thorns at you.
The volley of thorns hits you!
* * * LOW HITPOINT WARNING * * *
Evoke which item? (* to show all) (? for menu, Esc to quit)
Aiming: Paralyse
Press: ? - help, Shift-Dir - straight line, f - thorn hunter
Aim: a thorn hunter (water, chance to defeat MR: 1%)
Okay, then.
Okay, then.
You are confused.
You feel invigorated.
The briar patch crumbles away. x3
The thorn hunter fires a volley of thorns at you.
Helpless, you fail to dodge the volley of thorns.
You die...

♣.≈≈≈≈≈≈.)≈§.♣ ♣♣≈.≈≈≈≈≈≈≈ ♣♣
♣..≈≈≈≈......♣ ♣≈.≈≈≈≈≈≈.≈
.≈*♣♣.≈≈≈≈≈≈≈...≈♣ ♣♣♣♣..≈≈≈....♣
≈≈, ♣..≈≈≈≈≈≈...≈♣ ♣≈♣ ♣≈≈≈....♣♣
≈≈,*♣....≈....≈.♣♣♣♣.♣♣♣≈≈.♣♣.≈♣≈
≈. *♣≈.......≈♣♣♣ ♣≈.PP♣≈≈≈♣§≈≈..
≈.* ♣♣≈≈......♣♣♣♣♣≈≈PP.♣♣♣♣≈≈..≈
.≈***♣≈≈.≈≈≈.♣..§♣♣≈≈PP.§♣ ♣...♣≈
≈. , ≈♣♣.≈≈..f≈≈♣.≈♣.PP.♣♣ ♣♣♣♣♣.
≈≈, ,≈**,..≈≈≈≈≈≈..♣♣♣P♣♣* ♣≈≈≈
≈≈ ≈≈ ***.≈≈≈≈P≈≈≈(♣*≈...≈ ♣.≈≈
≈≈ ≈, >.≈≈≈.≈≈.≈♣♣....≈♣ ♣♣.. ≈≈
* *♣....≈≈≈♣♣♣♣♣♣≈≈≈♣ ♣♣♣ .. *
♣♣♣≈♣♣♣♣♣ *≈≈♣♣ **, ** ♣♣ * * *
***


You could see a thorn hunter.

Vanquished Creatures
  Kirke (Lair:5)
  6 nagarajas
  An emperor scorpion (D:13)
  Azrael (Snake:3)
  A dire elephant (D:15)
  Snorg (D:12)
  2 ogre magi
  An ice dragon (D:15)
  18 naga warriors
  5 hydras
  4 anacondas
  4 centaur warriors
  8 two-headed ogres
  A tengu warrior (D:14)
  3 death yaks (Lair:5)
  2 death knights
  2 alligators (Swamp:1)
  3 orc high priests (Orc:2)
  12 naga sharpshooters
  5 shock serpents
  2 salamander mystics
  2 unseen horrors
  4 sea snakes (Snake:3)
  5 naga ritualists
  6 orc knights
  A wolf spider zombie (D:13)
  11 deep elf magi
  A mana viper (shapeshifter) (D:12)
  4 ugly things
  8 mana vipers
  A cyclops (D:12)
  4 orc sorcerers (Orc:2)
  3 manticores
  9 elephants
  25 naga magi
  30 black mambas
  Maurice (D:12)
  Psyche (D:8)
  11 salamanders
  2 gargoyles
  16 spiny frogs
  2 guardian serpents
  9 komodo dragons
  4 rime drakes
  A kobold demonologist (D:12)
  2 efreet
  A freezing wraith (D:14)
  4 trolls
  2 tyrant leeches (Swamp:1)
  4 polar bears
  6 hornets
  A queen bee (Lair:3)
  18 hippogriffs
  2 bog bodies (Swamp:1)
  6 slime creatures (Swamp:1)
  A dream sheep (Lair:6)
  15 blink frogs
  51 yaks
  A shadow (D:14)
  14 wyverns
  A water elemental (D:14)
  A vampire (D:10)
  A wraith (D:10)
  15 spriggans (Lair:6)
  6 basilisks
  7 fire elementals (Snake:3)
  5 hungry ghosts
  A steam dragon (Lair:3)
  2 hogs (Lair:5)
  10 vampire mosquitoes
  Menkaure (D:4)
  An acid dragon (D:15)
  A warg (Orc:1)
  A soldier ant (D:11)
  3 swamp worms (Swamp:1)
  36 nagas
  A hell hound (Snake:3)
  4 insubstantial wisps (Lair:3)
  2 swamp drakes (Swamp:1)
  22 orc warriors
  12 water moccasins
  13 porcupines
  8 ice beasts
  A phantom (D:14)
  13 ogres
  5 sky beasts
  9 black bears
  7 boggarts
  2 eyes of draining
  30 wolves
  A necrophage (D:10)
  14 centaurs
  14 crocodiles
  2 big kobolds
  Blork the orc (D:6)
  15 bullfrogs
  4 scorpions
  32 killer bees
  9 wights
  3 howler monkeys (D:13)
  6 crimson imps
  6 centaur skeletons
  7 hounds
  20 orc priests
  5 jellies
  Jessica (D:3)
  22 orc wizards
  Natasha (thrice) (D:4)
  4 iguanas
  7 hell rats (Lair:6)
  9 worker ants
  A hound zombie (D:8)
  A hound skeleton (D:4)
  A worker ant zombie (D:7)
  Robin (D:4)
  18 adders
  8 gnolls
  A river rat (Lair:3)
  4 shadow imps
  3 adder skeletons
  5 worms
  A dart slug (D:3)
  10 leopard geckos
  73 orcs
  4 ball pythons
  9 bats
  4 giant cockroaches
  27 goblins
  10 hobgoblins
  4 jackals
  3 quokkas
  5 frilled lizards
  16 kobolds
  A leopard gecko skeleton (D:5)
  2 quokka skeletons
  7 rats
997 creatures vanquished.

Vanquished Creatures (collateral kills)
  A manticore (D:15)
1 creature vanquished.

Vanquished Creatures (others)
  Joseph (D:10)
  A wyvern (D:10)
  An orc warrior (Orc:2)
  2 boggarts (D:15)
  A centaur skeleton (D:13)
  An adder (D:5)
  An orc (D:5)
  A quokka (D:5)
  A goblin (D:3)
  A briar patch (Swamp:1)
  2 fungi
  3 plants
16 creatures vanquished.

Grand Total: 1014 creatures vanquished

Notes
Turn   | Place    | Note
-------+----------+-------------------------------------------
     0 | D:1      | Htamos the Human Monk began the quest for the Orb.
     0 | D:1      | Reached XP level 1. HP: 18/18 MP: 1/1
   166 | D:1      | Reached XP level 2. HP: 24/24 MP: 2/2
   709 | D:1      | Reached skill level 1 in Armour
   709 | D:1      | Reached XP level 3. HP: 25/29 MP: 3/3
  1519 | D:2      | Reached XP level 4. HP: 37/37 MP: 4/4
  1615 | D:2      | Reached skill level 4 in Fighting
  1976 | D:3      | Noticed an ogre
  2274 | D:3      | Noticed Jessica
  2282 | D:3      | Killed Jessica
  2282 | D:3      | Reached XP level 5. HP: 43/43 MP: 5/5
  2650 | D:3      | Killed an ogre
  2650 | D:3      | Reached skill level 5 in Fighting
  2650 | D:3      | Reached XP level 6. HP: 18/51 MP: 6/6
  3310 | D:4      | Noticed Menkaure
  3313 | D:4      | Killed Menkaure
  3313 | D:4      | Reached XP level 7. HP: 37/56 MP: 7/7
  3520 | D:4      | Found a sacrificial altar of Ru.
  3695 | D:4      | Reached skill level 6 in Fighting
  3796 | D:4      | Noticed Robin
  3824 | D:4      | Killed Robin
  4092 | D:4      | Found a snail-covered altar of Cheibriados.
  4107 | D:4      | Found a basalt altar of Yredelemnul.
  4107 | D:4      | Noticed Natasha
  4155 | D:4      | Found a shattered altar of Ashenzari.
  4163 | D:4      | Killed Natasha
  4224 | D:4      | Found a deep blue altar of Sif Muna.
  4234 | D:4      | Became a worshipper of Ashenzari the Shackled
  4234 | D:4      | Reached * piety under Ashenzari
  4234 | D:4      | Reached ** piety under Ashenzari
  4359 | D:4      | Noticed Natasha
  4364 | D:4      | Killed Natasha
  4481 | D:4      | Reached skill level 5 in Maces & Flails
  4699 | D:4      | Noticed Natasha
  4705 | D:4      | Found a shattered altar of Ashenzari.
  4705 | D:4      | Found a basalt altar of Yredelemnul.
  4712 | D:4      | Killed Natasha
  4712 | D:4      | Reached XP level 8. HP: 59/65 MP: 8/8
  4735 | D:4      | Found a snail-covered altar of Cheibriados.
  4735 | D:4      | Found a deep blue altar of Sif Muna.
  4866 | D:4      | Found a sacrificial altar of Ru.
  4975 | D:5      | Entered Level 5 of the Dungeon
  5101 | D:5      | Reached skill level 7 in Fighting
  5105 | D:5      | HP: 1/67 [centaur (8)]
  5524 | D:5      | Found a white marble altar of Elyvilon.
  5856 | D:5      | Reached skill level 8 in Fighting
  5856 | D:5      | Reached skill level 5 in Armour
  5856 | D:5      | Reached XP level 9. HP: 74/74 MP: 9/9
  6063 | D:5      | Identified the +9 quarterstaff "Guutz" {flame, Fragile rN+ Dex+2}
  6156 | D:5      | Found a staircase to the Ecumenical Temple.
  7098 | D:6      | Noticed Blork the orc
  7109 | D:6      | Killed Blork the orc
  7331 | D:6      | Found a shimmering altar of Xom.
  7647 | D:7      | Noticed a hippogriff
  7658 | D:7      | Killed a hippogriff
  7658 | D:7      | Reached skill level 9 in Fighting
  7987 | D:7      | Reached *** piety under Ashenzari
  8430 | D:8      | Noticed Psyche
  8438 | D:8      | Killed Psyche
  8676 | D:8      | Reached XP level 10. HP: 84/84 MP: 10/10
  9166 | D:8      | Reached skill level 10 in Fighting
  9708 | D:9      | Found a staircase to the Lair.
 10213 | D:9      | Reached skill level 11 in Fighting
 10513 | D:9      | Found a blossoming altar of Fedhas.
 10938 | D:9      | Found a bloodstained altar of Trog.
 11109 | D:10     | Entered Level 10 of the Dungeon
 11109 | D:10     | Noticed a gargoyle
 11110 | D:10     | Reached **** piety under Ashenzari
 11125 | D:10     | Killed a gargoyle
 11125 | D:10     | Reached XP level 11. HP: 57/93 MP: 11/11
 11554 | D:10     | Noticed a centaur warrior
 11565 | D:10     | Killed a centaur warrior
 11565 | D:10     | Reached skill level 12 in Fighting
 11871 | D:10     | Noticed Joseph
 11877 | D:10     | Noticed a two-headed ogre
 11891 | D:10     | Your ally died
 11894 | D:10     | Killed a two-headed ogre
 12064 | D:10     | Found a sparkling altar of Nemelex Xobeh.
 12552 | D:10     | Found a staircase to the Orcish Mines.
 13140 | D:11     | Paralysed by a hornet for 2 turns
 13143 | D:11     | Reached skill level 1 in Evocations
 13582 | D:10     | Reached XP level 12. HP: 85/103 MP: 13/13
 14162 | D:11     | Paralysed by a hornet for 2 turns
 14170 | D:11     | Reached skill level 13 in Fighting
 15019 | D:12     | Noticed a death knight
 15034 | D:12     | Noticed a soul eater
 15038 | D:12     | Killed a death knight
 15495 | D:12     | Reached skill level 10 in Maces & Flails
 15560 | D:12     | Noticed Snorg
 15565 | D:12     | Killed Snorg
 15737 | D:12     | Noticed Maurice
 15766 | D:12     | Killed Maurice
 16180 | D:12     | Found a burning altar of Makhleb.
 17211 | D:13     | Reached skill level 10 in Armour
 17254 | D:13     | Noticed a centaur warrior
 17263 | D:13     | Killed a centaur warrior
 17263 | D:13     | Reached skill level 14 in Fighting
 17263 | D:13     | Reached XP level 13. HP: 103/113 MP: 16/16
 17459 | D:13     | Reached ***** piety under Ashenzari
 17524 | D:13     | Noticed a centaur warrior
 17531 | D:13     | Killed a centaur warrior
 17531 | D:13     | Reached skill level 5 in Evocations
 17844 | D:13     | Found a portal to a secret trove of treasure.
 17870 | D:13     | Found Ineq's Antique Armour Shoppe.
 18170 | D:13     | Found a gate to the Vaults.
 18271 | D:13     | Noticed an ogre mage
 18277 | D:13     | Killed an ogre mage
 19132 | D:14     | Noticed a centaur warrior
 19142 | D:14     | Killed a centaur warrior
 19720 | D:14     | Noticed a five-headed hydra
 19742 | D:14     | Reached skill level 15 in Fighting
 19752 | D:14     | Killed a five-headed hydra
 20503 | D:14     | Reached XP level 14. HP: 122/123 MP: 18/18
 20606 | D:15     | Entered Level 15 of the Dungeon
 20944 | D:15     | Noticed Goff's ghost (journeyman GrEE)
 20947 | D:15     | Identified the amulet "Xyhidi Tukh" {Spirit +Blink +Fly Str+2}
 20952 | D:15     | Found a transporter.
 20969 | D:15     | Found a transporter.
 21463 | D:15     | Identified the +4 war axe of Royalism {chop, rPois Str+6 Dex+3 Stlth-}
 22089 | D:15     | Learned a level 4 spell: Summon Ice Beast
 22149 | D:15     | Reduced skill Evocations to level 5
 22233 | D:15     | Found a staircase to the Depths.
 22233 | D:15     | Noticed a dire elephant
 22236 | D:15     | Noticed an emperor scorpion
 22257 | D:15     | Reduced skill Evocations to level 5
 22269 | D:15     | Killed a dire elephant
 22269 | D:15     | Reached skill level 5 in Summonings
 22706 | D:13     | Killed an emperor scorpion
 23512 | Depths:1 | Entered Level 1 of the Depths
 23512 | Depths:1 | Noticed a purple very ugly thing
 23725 | D:15     | Noticed an azure jelly
 23725 | D:15     | a death yak changed into an azure jelly
 23919 | Lair:1   | Entered Level 1 of the Lair of Beasts
 24181 | Lair:1   | Reached skill level 16 in Fighting
 24791 | Lair:2   | Reached skill level 1 in Shields
 26212 | Lair:3   | Reached XP level 15. HP: 131/131 MP: 18/18
 27068 | Lair:3   | Found a staircase to the Swamp.
 27575 | Lair:4   | Reached ****** piety under Ashenzari
 27731 | Lair:4   | Found a staircase to the Snake Pit.
 28941 | Lair:5   | Noticed Kirke
 28979 | Lair:5   | Killed Kirke
 29312 | Lair:5   | Reached skill level 17 in Fighting
 29478 | Lair:5   | Identified the Disquisition on the Aerial Entourage
 29884 | Lair:6   | Entered Level 6 of the Lair of Beasts
 29919 | Lair:6   | Found a staircase to the Slime Pits.
 29925 | Lair:6   | Found a viscous altar of Jiyva.
 30305 | Lair:6   | Reached XP level 16. HP: 138/141 MP: 19/19
 32405 | Orc:1    | Entered Level 1 of the Orcish Mines
 32749 | Orc:2    | Entered Level 2 of the Orcish Mines
 32867 | Orc:2    | Found a staircase to the Elven Halls.
 33213 | Orc:1    | Found a shimmering altar of Xom.
 34133 | Orc:2    | Found Iquqo's Book Emporium.
 34133 | Orc:2    | Found Jaeruexi's Antique Armour Emporium.
 34146 | Orc:2    | Found Laamm's Food Boutique.
 34155 | Orc:2    | Found Ysyotzig's Distillery.
 34274 | Orc:2    | Bought a pair of slimy gloves for 285 gold pieces
 34278 | Orc:2    | Bought a steaming hat for 270 gold pieces
 34278 | Orc:2    | Identified the +0 hat of Slovenliness {rPois rF+ MR++ Slay-3} (You bought it in a shop on level 2 of the Orcish Mines)
 34296 | Orc:2    | Bought a potion of heal wounds for 70 gold pieces
 34296 | Orc:2    | Bought a potion of lignification for 42 gold pieces
 34296 | Orc:2    | Bought a potion of heal wounds for 70 gold pieces
 34296 | Orc:2    | Bought a potion of heal wounds for 70 gold pieces
 34513 | Orc:2    | Bought a potion of might for 56 gold pieces
 34513 | Orc:2    | Bought a potion of curing for 42 gold pieces
 34513 | Orc:2    | Bought a potion of curing for 42 gold pieces
 34513 | Orc:2    | Bought a potion of curing for 42 gold pieces
 34725 | Snake:1  | Entered Level 1 of the Snake Pit
 34766 | Snake:1  | Identified the +0 helmet of the Harp {rElec}
 35114 | Snake:1  | Reached skill level 1 in Spellcasting
 35741 | Snake:1  | Identified the ring "Jufoagid" {*Tele rF++ Str-3 Int+3}
 35972 | Snake:2  | Identified the +2 ring mail of Broken Taboos {rPois rCorr Dex+3}
 36014 | Snake:1  | Reached skill level 18 in Fighting
 36287 | Snake:2  | Reached XP level 17. HP: 142/149 MP: 20/20
 38814 | Snake:3  | Noticed Azrael
 38833 | Snake:3  | Killed Azrael
 39618 | Snake:3  | Reached skill level 10 in Summonings
 40369 | Snake:4  | Entered Level 4 of the Snake Pit
 42626 | Snake:3  | Reached XP level 18. HP: 91/158 MP: 24/24
 43397 | Snake:4  | Reached skill level 15 in Maces & Flails
 44027 | Snake:4  | Reached skill level 5 in Spellcasting
 45212 | Snake:4  | Got a serpentine rune of Zot
 45794 | Swamp:1  | Entered Level 1 of the Swamp
 46242 | Swamp:1  | Reduced skill Evocations to level 1
 46745 | Swamp:1  | HP: 9/237 [thorn hunter/volley of thorns (32)]
 46748 | Swamp:1  | Killed from afar by a thorn hunter

Vault maps used:
D:1:      ncdulo_halloftheorcs, feat_on_display
D:3:      st_stairs_3, kennysheep_nub, uniq_jessica
D:4:      grunt_temple_overflow_cloverleaf, lemuel_tele_altar, uniq_robin,
          uniq_menkaure, uniq_natasha
D:5:      lemuel_temple_firewalk_a, first_ration, elyvilon_altar_4
D:6:      tgw_xom, uniq_blork_the_orc
D:8:      uniq_psyche
D:9:      kennysheep_mini_moat, lemuel_coloured_pillars_altar,
          due_lair_maze_entry_diamond
D:10:     david_orc_4, basic_altar, blue_anna_alchemist, minivault_22,
          uniq_joseph
D:12:     bloody_makhleb, uniq_maurice, uniq_snorg
D:13:     david_vaults_2, enter_trove_0, serial_shops, nicolae_shop_waterfront
D:14:     kennysheep_big_empty_room, elves_outpost_lemuel
D:15:     hangedman_depths_entry_try_elsewhere_first, gammafunk_ghost_arena,
          minmay_statues_item
Lair:1:   grunt_megastairs_4
Lair:2:   lemuel_old_faithful, lemuel_fruit_fields
Lair:3:   regret_index_wax_grids, minmay_swamp_entry_wisps,
          minmay_stone_trees_small
Lair:4:   dummy_snake_entry, infiniplex_staircase_pool_2
Lair:5:   uniq_kirke
Lair:6:   minmay_lair_end_enchanted_forest, slime_altar_1, special_room
Swamp:1:  nicolae_swamp_very_dense_foliage
Snake:3:  serial_bayou_shore_a, uniq_azrael
Snake:4:  snake_pit
Orc:1:    basic_altar
Orc:2:    st_orc_elflike
Depths:1: abyss_entry, lightli_too_deep, dk_noncrumbling_3,
          roderic_roman_lattice, kennysheep_doodads,
          hangedman_abyss_or_decor_slice, nrook_pool_corridor, minivault_11,
          kennysheep_generic_room_13, uniq_bai_suzhen, uniq_mara

Skill      XL: |  1  2  3  4  5  6  7  8  9 10 11 12 13 14 15 16 17 18 |
---------------+-------------------------------------------------------+-----
Armour         | 1 2 3 5 6 7 9 10 11 12 13 14 | 14.1
Fighting       | 4 5 6 8 9 11 12 14 15 16 17 18 | 18.6
Maces & Flails | 4 5 6 7 8 9 10 11 12 13 14 15 | 15.5
Evocations     | 1 4 6 4 0 |  0.0
Summonings     | 6 8 9 10 11 | 11.6
Shields        | 1 4 |  4.0
Spellcasting   | 1 4 5 |  5.6
Dodging        | |  3.0
Stealth        | |  2.0

Action                   |  1- 3 |  4- 6 |  7- 9 | 10-12 | 13-15 | 16-18 || total
-------------------------+-------+-------+-------+-------+-------+-------++-------
Melee: Mace              |   112 |    25 |       |       |       |       ||   137
       Whip              |       |    88 |   330 |   836 |  1502 |   624 ||  3380
       Great mace        |       |       |       |       |       |   776 ||   776
Invok: Curse Item        |       |       |     1 |     5 |     1 |     1 ||     8
       Transfer Knowledg |       |       |       |       |     1 |     1 ||     2
 Abil: Evoke Berserk Rag |       |       |       |       |     9 |     1 ||    10
Evoke: Wand              |       |     4 |     2 |    15 |    13 |     3 ||    37
       Phial of floods   |       |       |       |       |     1 |       ||     1
       Phantom mirror    |       |       |       |       |     1 |       ||     1
  Use: Scroll            |       |     9 |     5 |     4 |    12 |    21 ||    51
       Potion            |       |       |     6 |     4 |    10 |     8 ||    28
 Stab: Sleeping          |     1 |     1 |     8 |     2 |       |       ||    12
       Distracted        |       |       |     1 |       |       |       ||     1
       Invisible         |       |       |     1 |       |       |       ||     1
  Eat: Chunk             |     2 |     6 |     9 |    20 |    41 |    15 ||    93
       Ration            |       |       |     2 |     4 |     3 |    11 ||    20
Armor: Robe              |     9 |    28 |    62 |     3 |       |       ||   102
       Ring mail         |    23 |    30 |       |       |       |       ||    53
       Plate armour      |       |       |       |   293 |   780 |   827 ||  1900
       Skin              |       |       |       |    16 |       |     1 ||    17
Dodge: Dodged            |    84 |    96 |   181 |   184 |   420 |   462 ||  1427
Block: Buckler           |       |       |       |       |   114 |   126 ||   240

Table legend:
 A = Spawn XP
 B = Non-spawn XP
 C = Spawn XP percentage of total XP
 D = Spawn monster count
 E = Non-spawn monster count
 F = Spawn count percentage of total count
 G = Total turns spent on level
                    A         B        C        D         E        F      G
               +---------+---------+-------+---------+---------+-------+---------
         Total |       0 |  240866 |   0.0 |       0 |    1001 |   0.0 | 46748
               +---------+---------+-------+---------+---------+-------+---------
           D:1 |       0 |      41 |   0.0 |       0 |      23 |   0.0 |  1174
           D:2 |       0 |      61 |   0.0 |       0 |      24 |   0.0 |   998
           D:3 |       0 |     273 |   0.0 |       0 |      34 |   0.0 |  1262
           D:4 |       0 |     670 |   0.0 |       0 |      31 |   0.0 |  1697
           D:5 |       0 |    1046 |   0.0 |       0 |      30 |   0.0 |  1486
           D:6 |       0 |     673 |   0.0 |       0 |      29 |   0.0 |  1157
           D:7 |       0 |     619 |   0.0 |       0 |      12 |   0.0 |   927
           D:8 |       0 |     913 |   0.0 |       0 |      18 |   0.0 |   935
           D:9 |       0 |    3088 |   0.0 |       0 |      29 |   0.0 |  1580
          D:10 |       0 |    6921 |   0.0 |       0 |      44 |   0.0 |  2536
          D:11 |       0 |    3646 |   0.0 |       0 |      50 |   0.0 |  1870
          D:12 |       0 |    8599 |   0.0 |       0 |      42 |   0.0 |  1994
          D:13 |       0 |   11455 |   0.0 |       0 |      30 |   0.0 |  1963
          D:14 |       0 |   11716 |   0.0 |       0 |      29 |   0.0 |  2309
          D:15 |       0 |   13579 |   0.0 |       0 |      33 |   0.0 |  2199
        Lair:1 |       0 |    2854 |   0.0 |       0 |      14 |   0.0 |   826
        Lair:2 |       0 |    5802 |   0.0 |       0 |      23 |   0.0 |  1485
        Lair:3 |       0 |    9369 |   0.0 |       0 |      64 |   0.0 |  1165
        Lair:4 |       0 |    7295 |   0.0 |       0 |      28 |   0.0 |  1172
        Lair:5 |       0 |   13201 |   0.0 |       0 |      33 |   0.0 |  1684
        Lair:6 |       0 |   22499 |   0.0 |       0 |     109 |   0.0 |  2184
       Swamp:1 |       0 |    7591 |   0.0 |       0 |      26 |   0.0 |   954
       Snake:1 |       0 |   15530 |   0.0 |       0 |      29 |   0.0 |  2352
       Snake:2 |       0 |   19289 |   0.0 |       0 |      35 |   0.0 |  1771
       Snake:3 |       0 |   20617 |   0.0 |       0 |      37 |   0.0 |  3559
       Snake:4 |       0 |   40776 |   0.0 |       0 |      70 |   0.0 |  3339
         Orc:1 |       0 |    2473 |   0.0 |       0 |      24 |   0.0 |  1261
         Orc:2 |       0 |   10270 |   0.0 |       0 |      51 |   0.0 |   907
               +---------+---------+-------+---------+---------+-------+---------
